 Dungeon Crawl Stone Soup version 0.18.1-8-gdd0e5ea (webtiles) character file.

254 juanjsm the Changer (level 6, -5/41 HPs)
             Began as an Octopode Transmuter on June 7, 2016.
             Slain by an ice beast (14 damage)
             ... on level 4 of the Dungeon.
             The game lasted 00:28:31 (3553 turns).

juanjsm the Changer (Octopode Transmuter)           Turns: 3553, Time: 00:28:33

Health: -5/41      AC:  1    Str: 11      XL:     6   Next: 14%
Magic:  7/9        EV: 12    Int: 18      God:
Gold:   112        SH:  0    Dex: 10 (12) Spells: 3 memorised, 1 level left

rFire  . . .     SeeInvis .       - Unarmed
rCold  . . .     Gourm    .     (no shield)
rNeg   . . .     Faith    .     (helmet restricted)
rPois  .         Spirit   .     (no amulet)
rElec  .         Dismiss  .     (no ring)
rCorr  .         Reflect  .     (no ring)
SustAt .         Harm     .     (no ring)
MR     .....                    (no ring)
Stlth  ++........               (no ring)
                                (no ring)
                                (no ring)
                                (no ring)

@: appendage, not resistant to hostile enchantments, unstealthy
A: almost no armour, amphibious, 8 rings, constrict 8, antennae 1, tentacle
spike 3, camouflage 1, robust 1, screaming 1, strong 1, gelatinous body 1,
evolution 1
a: End Transformation


You were on level 4 of the Dungeon.
You were not hungry.
One of your tentacles had a temporary spike.
You visited 1 branch of the dungeon, and saw 5 of its levels.

You collected 112 gold pieces.

Inventory:

Hand Weapons
 k - a +0 dagger of draining
 y - a +0 dagger of freezing
Missiles
 a - 25 arrows
 h - 5 needles of sleeping
 m - 5 javelins (quivered)
 q - a throwing net
Armour
 o - a +1 buckler
Jewellery
 j - an uncursed amulet of guardian spirit
 l - an uncursed ring of wizardry {unknown}
Scrolls
 d - 5 scrolls of teleportation
 e - 2 scrolls of identify
 g - 2 scrolls of enchant armour
 i - a scroll of noise
Potions
 x - a potion of flight
Books
 b - a book of Changes

   Spells                             Type                      Level
   a - Beastly Appendage              Transmutation                1
   b - Sticks to Snakes               Transmutation                2
   c - Spider Form                    Transmutation/Poison         3
   d - Ice Form                       Ice/Transmutation            4
   e - Blade Hands                    Transmutation                5
Comestibles
 c - 4 bread rations
 f - 2 chunks of flesh
 t - 2 meat rations


   Skills:
 + Level 1.1 Fighting
 + Level 2.2 Dodging
 * Level 1.1 Stealth
 + Level 0.0 Shields
 * Level 4.2 Unarmed Combat
 + Level 2.1 Spellcasting
 + Level 4.6 Transmutations
 - Level 2.3 Poison Magic


You had one spell level left.
You knew the following spells:

 Your Spells              Type           Power        Failure   Level  Hunger
a - Beastly Appendage     Trmt           ###...       2%          1    #......
b - Spider Form           Trmt/Pois      ##........   14%         3    ###....
c - Ice Form              Ice/Trmt       ##......     78%         4    #####..


Dungeon Overview and Level Annotations

Branches:
Dungeon (5/15)
 Temple: D:4-7

Altars:
Elyvilon
Fedhas
Gozag
Xom
Zin

Shops:
D:5 !


Innate Abilities, Weirdness & Mutations

You cannot wear most types of armour.
You are amphibious.
You can wear up to eight rings at the same time.
You can use your tentacles to constrict eight enemies at once.
Your skin changes colour to match your surroundings (Stealth).
Your rubbery body absorbs attacks (AC +1).
You have a pair of small antennae on your head.
One of your tentacles bears a large vicious spike.
You are robust (+10% HP).
You occasionally shout uncontrollably at your foes.
Your muscles are strong. (Str +2)
You evolve.


Message History

You pierce the ice beast, but do no damage.
The ice beast is moderately wounded.
The ice beast closely misses you.
You barely miss the ice beast.
Your tentacle spike misses the ice beast.
The ice beast is heavily wounded.
The ice beast closely misses you.
You tentacle-slap the ice beast but do no damage.
The ice beast is heavily wounded.
The ice beast hits you. The ice beast freezes you!
* * * LOW HITPOINT WARNING * * *
Drink which item? (? for menu, Esc to quit)
You feel much better. The ice beast hits you. The ice beast freezes you!
You closely miss the ice beast.
You pierce the ice beast.
You squeeze the ice beast, but do no damage.
The ice beast is severely wounded.
The ice beast hits you.
* * * LOW HITPOINT WARNING * * *
The ice beast freezes you!
You die...

#.# #.# #. ####.######
#.# #. #.........# #.# #.
#.##.####.# #.#####.
#.##.### # #.......
######.##.#.##.##
#####.#.
............#....# #.#.
#######.####.##..# #...
##......@...# #.^.
......[Y....# #.#.
#######.###............#.
#.# ##########.#. #.#
#.#. #.# #.#. #.# #...
#.##### #.# #######.o...#
#.#


You could see an ice beast.

Vanquished Creatures
  A howler monkey (D:3)
  An orc wizard (D:3)
  A worker ant (D:5)
  7 adders
  4 worms (D:2)
  2 dart slugs
  3 giant geckos
  7 orcs
  11 bats
  3 giant cockroaches
  7 goblins
  4 hobgoblins
  2 jackals (D:3)
  A ball python (D:1)
  5 giant newts
  8 kobolds
  5 rats
72 creatures vanquished.

Vanquished Creatures (collateral kills)
  An adder (D:3)
1 creature vanquished.

Vanquished Creatures (others)
  4 toadstools (D:1)
4 creatures vanquished.

Grand Total: 77 creatures vanquished

Notes
Turn   | Place    | Note
--------------------------------------------------------------
     0 | D:1      | juanjsm the Octopode Transmuter began the quest for the Orb.
     0 | D:1      | Reached XP level 1. HP: 13/13 MP: 3/3
   185 | D:2      | Reached XP level 2. HP: 17/18 MP: 0/5
   498 | D:1      | Reached XP level 3. HP: 23/23 MP: 4/6
   505 | D:1      | Learned a level 3 spell: Spider Form
   887 | D:1      | Learned a level 2 spell: Sticks to Snakes
   927 | D:2      | Reached skill level 1 in Poison Magic
  1065 | D:2      | Reached XP level 4. HP: 21/28 MP: 5/7
  1088 | D:2      | Found a white marble altar of Elyvilon.
  1128 | D:2      | Found a shimmering altar of Xom.
  1128 | D:2      | Found a glowing silver altar of Zin.
  1128 | D:2      | Found a blossoming altar of Fedhas.
  2027 | D:3      | Reached XP level 5. HP: 7/33 MP: 2/8
  2028 | D:3      | Gained mutation: Your muscles are strong. (Str +2) [potion of mutation]
  2028 | D:3      | Gained mutation: You evolve. [potion of mutation]
  2028 | D:3      | Gained mutation: You occasionally shout uncontrollably at your foes. [potion of mutation]
  2731 | D:3      | Gained mutation: You have a pair of small antennae on your head. [potion of beneficial mutation]
  2750 | D:3      | Found an opulent altar of Gozag.
  2797 | D:3      | Learned a level 4 spell: Ice Form
  3144 | D:3      | Gained mutation: You are robust (+10% HP). [evolution]
  3275 | D:4      | Reached XP level 6. HP: 22/41 MP: 7/9
  3499 | D:5      | Entered Level 5 of the Dungeon
  3510 | D:5      | Found Usoerch's Distillery.
  3519 | D:5      | Reached skill level 1 in Stealth
  3526 | D:5      | Noticed an ice beast
  3553 | D:4      | Slain by an ice beast

Skill      XL: |  1  2  3  4  5  6 |
---------------+-------------------+-----
Poison Magic   | 1 2 |  2.3
Transmutations | 3 4 |  4.6
Unarmed Combat | 4 |  4.2
Stealth        | 1 |  1.1
Fighting       | |  1.1
Dodging        | |  2.2
Spellcasting   | |  2.1

Action                   |  1- 3 |  4- 6 || total
-------------------------+-------+-------++-------
Melee: Unarmed           |    59 |   100 ||   159
       Constrict         |    16 |    19 ||    35
       Tentacles         |    12 |    12 ||    24
       Kick              |    17 |    23 ||    40
       Dagger            |       |    63 ||    63
       Punch             |       |     5 ||     5
 Cast: Beastly Appendage |    15 |    29 ||    44
       Sticks to Snakes  |       |     1 ||     1
       Spider Form       |       |     9 ||     9
 Abil: End Transformatio |       |     1 ||     1
  Use: Scroll            |       |     9 ||     9
       Potion            |       |     7 ||     7
 Stab: Sleeping          |     8 |     2 ||    10
  Eat: Chunk             |     1 |     8 ||     9
       Pizza             |       |     1 ||     1
Armor: Skin              |     7 |    31 ||    38
Dodge: Dodged            |    37 |   120 ||   157
